[Event "WYCC 2018 O18"]
[Site "Halkidiki"]
[Date "2018.10.20"]
[Round "1"]
[White "Fawzy, Adham"]
[Black "Dallemagne, Maximilien"]
[Result "1-0"]
[ECO "C15"]
[WhiteElo "2439"]
[BlackElo "2094"]
[Annotator "ChessBase"]
[PlyCount "41"]
[EventDate "2018.10.20"]
[EventType "swiss"]
[EventCountry "GRE"]
[SourceTitle "playchess.com"]
[Source "ChessBase"]
[SourceQuality "1"]
[TimeControl "40/5400+30:1800+30"]

1. e4 e6 2. d4 d5 3. Nc3 Bb4 4. exd5 exd5 5. Bd3 Nf6 6. Nge2 O-O 7. Bg5 c6 8. Qd2 b6 9. O-O-O Ba6 10. Ng3 Bxd3 11. Qxd3 h6 12. Bf4 Re8 13. Nf5 Bxc3 14. Qxc3 Ne4 15. Qf3 Qf6 16. Be3 Ng5 17. Qg4 Re4 18. Nxh6+ gxh6 19. Qc8+ Kh7 20. Qb7 Qe7 21. Qxa8 1-0

[Event "WYCC 2018 O18"]
[Site "Halkidiki"]
[Date "2018.10.20"]
[Round "1"]
[White "Ioannidis, Evgenios"]
[Black "Olimjonov, Sarvarbek"]
[Result "1-0"]
[ECO "E10"]
[WhiteElo "2407"]
[BlackElo "2074"]
[Annotator "ChessBase"]
[PlyCount "79"]
[EventDate "2018.10.20"]
[EventType "swiss"]
[EventCountry "GRE"]
[SourceTitle "playchess.com"]
[Source "ChessBase"]
[SourceQuality "1"]
[TimeControl "40/5400+30:1800+30"]

1. Nf3 Nf6 2. d4 c5 3. d5 b5 4. c4 e6 5. Bg5 exd5 6. cxd5 Qa5+ 7. Nc3 Ne4 8. Qd3 Nxg5 9. Nxg5 Be7 10. Qf5 Bxg5 11. Qe5+ Be7 12. d6 O-O 13. dxe7 Re8 14. Qxc5 Nc6 15. Qxb5 Qc7 16. Qc5 Qb8 17. O-O-O Nxe7 18. e3 a6 19. Bc4 Ra7 20. Qh5 d5 21. Nxd5 Nxd5 22. Bxd5 Qb4 23. Rd4 Rc7+ 24. Kb1 Qb6 25. Rhd1 g6 26. Qg5 Bf5+ 27. e4 Qc5 28. exf5 Qc2+ 29. Ka1 Re2 30. Bxf7+ Kg7 31. f6+ Kxf7 32. Qd5+ Kf8 33. Qd8+ Re8 34. Qd6+ Kf7 35. a3 Rb8 36. R4d2 Qc4 37. Re1 Rbb7 38. Rde2 Qc5 39. Re7+ Kf8 40. Qd8# 1-0

[Event "WYCC 2018 O18"]
[Site "Halkidiki"]
[Date "2018.10.20"]
[Round "1"]
[White "Haug, Johannes"]
[Black "Brewer, Callum D"]
[Result "1-0"]
[ECO "B11"]
[WhiteElo "2391"]
[BlackElo "2056"]
[Annotator "NA"]
[PlyCount "109"]
[EventDate "2018.10.20"]
[EventType "swiss"]
[EventCountry "GRE"]
[SourceTitle "playchess.com"]
[Source "ChessBase"]
[SourceQuality "1"]
[TimeControl "40/5400+30:1800+30"]

1. e4 c6 2. Nc3 d5 3. Nf3 Bg4 4. h3 Bxf3 5. Qxf3 e6 6. d4 dxe4 7. Qxe4 {[%emt 0:00:23] B11: Caro-Kann: Two Knights Variation} Nf6 8. Qd3 Bd6 (8... Na6 9. a3 Qb6 10. Be2 Be7 11. O-O O-O 12. Rd1 Rfd8 13. b4 Nc7 14. Na4 Qb5 {½-½ (39) Vachier Lagrave,M (2794)-Ivanchuk,V (2732) Germany 2018}) 9. g3 Nbd7 10. Bg2 h6 $146 ({Predecessor:} 10... O-O 11. Be3 Qc7 12. O-O-O Nd5 13. Bd2 Bb4 14. Ne4 Bxd2+ 15. Rxd2 {1-0 (76) Lu,S (2627)-Dreev,A (2652) Doha 2016}) 11. O-O O-O 12. b3 Re8 13. f4 Qc7 14. Bb2 Rad8 15. Qf3 Nb6 16. Kh2 a5 17. a4 Rd7 18. Rad1 Nbd5 19. Na2 Nb4 20. Nxb4 axb4 21. Rfe1 Nd5 22. Bf1 Bf8 23. Bd3 Rdd8 24. h4 Nf6 25. f5 exf5 26. Qxf5 Bd6 27. Qf3 h5 28. Kg2 Qa5 29. Bc1 Qd5 30. Rxe8+ Rxe8 31. Bg5 Qxf3+ 32. Kxf3 Nd5 33. a5 Bc7 34. Ra1 Ra8 35. a6 bxa6 36. Rxa6 Rxa6 37. Bxa6 Bb6 38. Bb7 f6 39. Bd2 Bxd4 40. Bxc6 Nc3 41. Be8 Bc5 42. Bxh5 Kf8 43. Bg6 Ke7 44. Bd3 Bd6 45. Be1 Bc5 46. Kg4 Bd4 47. Kf5 Kf7 48. Bc4+ Ke7 49. g4 Be3 50. Bg3 Bc5 $18 51. g5 fxg5 52. hxg5 Nd1 53. Be5 Ne3+ 54. Kg6 Nxc4 55. bxc4 1-0

[Event "WYCC 2018 O18"]
[Site "Halkidiki"]
[Date "2018.10.20"]
[Round "1"]
[White "Burovic, Rijad"]
[Black "Bremner, William"]
[Result "1-0"]
[ECO "B12"]
[WhiteElo "2380"]
[BlackElo "2046"]
[Annotator "NA"]
[PlyCount "85"]
[EventDate "2018.10.20"]
[EventType "swiss"]
[EventCountry "GRE"]
[SourceTitle "playchess.com"]
[Source "ChessBase"]
[SourceQuality "1"]
[TimeControl "40/5400+30:1800+30"]

1. e4 c6 2. d4 d5 3. e5 c5 4. dxc5 e6 5. a3 {[%emt 0:01:44] B12: Caro-Kann: Advance Variation} Bxc5 6. Nf3 Ne7 (6... Nd7 7. Bd3 f6 8. b4 Be7 9. Bb2 fxe5 10. Nxe5 Nxe5 11. Bxe5 Bf6 12. O-O Nh6 13. Bxf6 Qxf6 {1-0 (70) Jakovenko,D (2735)-Fedoseev,V (2706) Poikovsky 2018}) 7. b4 Bb6 8. Bb2 {[%emt 0:00:39] LiveBook: 10 Games} a5 9. b5 Nd7 10. Nbd2 $146 ({Predecessor:} 10. a4 Ng6 11. Bd3 Bc7 12. Bxg6 hxg6 {0-1 (43) Sprenger,J (2490)-Sedlak,N (2587) Biograd na Moru 2018}) 10... Ng6 11. c4 Bc7 12. Qe2 O-O 13. g3 f6 14. exf6 Nxf6 15. Bg2 Qd6 16. O-O Bb6 $16 17. Ne5 Nxe5 18. Bxe5 Qc5 19. a4 Bd7 20. Bb2 Rf7 21. Ba3 Qc7 22. Rac1 Qd8 23. c5 Bc7 24. Bb2 Qe7 25. f4 Re8 26. Be5 Qd8 27. Nb3 b6 28. Bxc7 Qxc7 29. cxb6 Qxb6+ 30. Qf2 Qd8 31. Qd4 Qa8 32. Rc3 Rc8 33. Rfc1 Rxc3 34. Rxc3 Bc8 35. Qb6 Ne4 36. Rc7 h6 37. Rxf7 Kxf7 38. Nxa5 Kg6 39. Qc7 Kf6 40. Bf3 Nd2 41. Qc3+ Ke7 42. Qxd2 Kd6 43. Qb4+ 1-0

[Event "WYCC 2018 O18"]
[Site "Halkidiki"]
[Date "2018.10.20"]
[Round "1"]
[White "Miciano, John Marvin"]
[Black "Liang, Albert"]
[Result "1-0"]
[ECO "B40"]
[WhiteElo "2361"]
[BlackElo "2042"]
[Annotator "NA"]
[PlyCount "103"]
[EventDate "2018.10.20"]
[EventType "swiss"]
[EventCountry "GRE"]
[SourceTitle "playchess.com"]
[Source "ChessBase"]
[SourceQuality "1"]
[TimeControl "40/5400+30:1800+30"]

1. e4 c5 2. Nf3 e6 3. c3 Nf6 4. e5 Nd5 5. Bc4 Nb6 6. Bb3 c4 7. Bc2 d6 {[%emt 0:03:05] B22: Sicilian: 2 c3} (7... Nc6 8. O-O d6 9. exd6 Qxd6 10. a4 Qc7 11. d3 cxd3 12. Qxd3 Nd5 13. Na3 a6 14. Re1 Be7 15. Nc4 {½-½ (69) Jones,G (2640)-Lagarde,M (2586) chess.com INT 2018}) 8. d4 cxd3 9. Bxd3 dxe5 $146 ({Predecessor:} 9... Nc6 10. Bg5 Qc7 11. exd6 Bxd6 12. O-O h6 13. Bh4 Ne5 14. Nxe5 Bxe5 15. Bg3 Bxg3 16. fxg3 {½-½ (40) Johansen,S (1731)-Marfia,J (1995) IECG email 2000}) 10. Nxe5 N8d7 11. Nf3 Nc5 12. Bb5+ Bd7 13. Bxd7+ Qxd7 14. Qxd7+ Ncxd7 15. Nbd2 Nc5 16. Ke2 Rd8 17. Nb3 Nxb3 18. axb3 a6 19. c4 Be7 20. Bd2 Rc8 21. Rhd1 Nd7 22. Bc3 Bf6 23. Nd2 Bxc3 24. bxc3 Ke7 25. b4 Ra8 26. c5 b6 27. cxb6 Nxb6 28. c4 Rhd8 29. Rdc1 Rd4 30. g3 Rc8 31. Rxa6 Nxc4 32. Ra7+ Kf6 33. Nb3 Rdd8 34. Nc5 Nd6 35. Rd1 $11 Kg6 36. Nd3 Nc4 37. b5 e5 38. Rc1 f6 39. Nb4 Nd6 40. Rxc8 Rxc8 41. b6 Rb8 42. Nd5 Nc8 43. Ra6 Kf5 44. Ne3+ Kg6 45. Nc4 Kf7 46. Kd3 Ke7 47. Kc3 Kd7 48. Kb4 Rb7 49. Kc5 h5 50. Ra2 Ne7 51. Ra7 Kc8 52. Nd6+ 1-0

[Event "WYCC 2018 O18"]
[Site "Halkidiki"]
[Date "2018.10.20"]
[Round "1"]
[White "Mitrabha, Guha"]
[Black "Gonzalez Carrillo, Javier Omar"]
[Result "1-0"]
[ECO "D35"]
[WhiteElo "2352"]
[BlackElo "2031"]
[Annotator "NA"]
[PlyCount "138"]
[EventDate "2018.10.20"]
[EventType "swiss"]
[EventCountry "GRE"]
[SourceTitle "playchess.com"]
[Source "ChessBase"]
[SourceQuality "1"]
[TimeControl "40/5400+30:1800+30"]

1. d4 d5 2. c4 e6 3. Nc3 Nf6 4. cxd5 exd5 5. Bg5 Be7 6. e3 Nbd7 7. Bd3 c6 8. Qc2 Nf8 9. Nf3 Ne6 10. Bh4 g6 11. O-O O-O 12. Rab1 Ng7 13. b4 a6 14. a4 Bf5 15. b5 {[%emt 0:00:07] LiveBook: 23 Games} axb5 {[%emt 0:00:16] D36: Queen's Gambit Declined: Exchange Variation: Main line (5 Bg5 c6 6 Qc2)} 16. axb5 Bxd3 17. Qxd3 Ra3 $146 ({Predecessor:} 17... Nf5 18. Bxf6 Bxf6 19. Ra1 (19. Rfc1 Ra3 20. bxc6 bxc6 {½-½ (32) Morley,P (2270)-Sage,F (2387) ICCF email 2009}) 19... Nd6 20. bxc6 bxc6 21. Ra6 Qc7 22. Rfa1 Qb7 23. Qe2 Rxa6 24. Qxa6 {½-½ (45) Tomashevsky,E (2713)-Sjugirov,S (2650) St Petersburg 2017}) 18. bxc6 bxc6 19. Qc2 Qa5 20. Rfc1 Nf5 21. Bxf6 Bxf6 22. Rb3 Rxb3 23. Qxb3 Nd6 24. Qa4 Qxa4 25. Nxa4 Nc4 26. Nc5 Ra8 27. Nd3 Kf8 28. g4 Ke7 29. Rb1 Ra7 $14 30. Rb8 Kd6 31. Nc5 Kc7 32. Re8 Kb6 33. Kg2 Be7 34. Nd3 f6 35. Rb8+ Rb7 36. Rh8 Bd6 37. h4 Ka7 38. g5 f5 39. h5 gxh5 40. Nfe5 Kb6 41. Kg3 Rg7 42. Kh4 Be7 43. f4 Nxe3 44. Kxh5 Bd6 45. Kh6 Rc7 46. Rxh7 Nc2 47. Rxc7 Kxc7 48. g6 Bf8+ 49. Kh7 Nxd4 50. Kg8 Ne6 51. Kf7 Kd6 52. Nf3 Bg7 53. Nh4 Kd7 54. Nxf5 Ba1 55. Ne3 Nd8+ 56. Kf8 Ne6+ 57. Kg8 Ke7 58. f5 Ng5 59. Ng4 Bf6 60. g7 Bxg7 61. Kxg7 Ne4 62. Ngf2 Nf6 63. Nf4 Ne8+ 64. Kg6 d4 65. Ne4 Kf8 66. Ne6+ Ke7 67. Nxd4 c5 68. Nc6+ Kf8 69. Ng5 Nd6 1-0

[Event "WYCC 2018 O18"]
[Site "Halkidiki"]
[Date "2018.10.20"]
[Round "1"]
[White "Ahmadzada, Ahmad"]
[Black "Bilic, Milanko"]
[Result "1-0"]
[ECO "B87"]
[WhiteElo "2343"]
[BlackElo "2009"]
[Annotator "NA"]
[PlyCount "73"]
[EventDate "2018.10.20"]
[EventType "swiss"]
[EventCountry "GRE"]
[SourceTitle "playchess.com"]
[Source "ChessBase"]
[SourceQuality "1"]
[TimeControl "40/5400+30:1800+30"]

1. e4 c5 2. Nf3 d6 3. d4 cxd4 4. Nxd4 Nf6 5. Nc3 a6 6. Bc4 e6 7. Bb3 b5 8. O-O Be7 9. Qf3 Qc7 10. Qg3 Nc6 11. Nxc6 Qxc6 12. Re1 {[%emt 0:00:06] B87: Sicilian Scheveningen/Najdorf: 6 Bc4, with early ...b5} Qc7 (12... Bb7 13. a3 Rd8 14. Be3 O-O 15. Rad1 Kh8 16. Bg5 a5 17. Qh4 h6 18. Rd3 Qc5 19. Bxh6 Qh5 20. Qxh5 Nxh5 21. Bd2 b4 22. axb4 axb4 {1-0 (45) Kasimdzhanov,R (2703)-Amonatov,F (2614) Almaty 2016}) 13. Qxg7 $146 ({Predecessor:} 13. a4 b4 14. Na2 Qb7 15. f3 O-O 16. Bh6 Ne8 17. Bg5 Bxg5 18. Qxg5 a5 19. Rad1 Bd7 {½-½ (31) Mirumian,V (2425)-Mozny,M (2405) Czechia 1997}) 13... Rg8 14. Qh6 Rg6 15. Qh3 Bb7 16. f3 O-O-O 17. Be3 Rdg8 18. Re2 h5 19. Nd5 Nxd5 20. exd5 Qd7 21. dxe6 fxe6 22. Bd4 e5 23. Qxd7+ Kxd7 24. Bxg8 Rxg8 $16 25. Be3 Bxf3 26. Rf2 Bg4 27. c3 Ke6 28. Raf1 h4 29. Kh1 h3 30. gxh3 Bxh3 31. Rg1 Rh8 32. Bg5 Bxg5 33. Rxg5 e4 34. Rf4 d5 35. Kg1 Kd6 36. Kf2 Kc5 37. Rxe4 1-0

[Event "WYCC 2018 O18"]
[Site "Halkidiki"]
[Date "2018.10.20"]
[Round "1"]
[White "Ranaldi, Lucas"]
[Black "Manu David Suthandram R"]
[Result "1/2-1/2"]
[ECO "D35"]
[WhiteElo "2335"]
[BlackElo "1970"]
[Annotator "NA"]
[PlyCount "90"]
[EventDate "2018.10.20"]
[EventType "swiss"]
[EventCountry "GRE"]
[SourceTitle "playchess.com"]
[Source "ChessBase"]
[SourceQuality "1"]
[TimeControl "40/5400+30:1800+30"]

1. d4 Nf6 2. c4 e6 3. Nc3 d5 4. cxd5 exd5 5. Bg5 Be7 6. e3 O-O 7. Bd3 h6 8. Bh4 c5 9. dxc5 {[%emt 0:02:58] D35: Damengambit (Abtauschvariante)} Nbd7 10. Nge2 Nxc5 11. O-O Be6 12. Bc2 (12. Nd4 Qd7 13. Bb5 Qd6 14. Rc1 Rac8 15. Be2 a6 16. f3 b5 {0-1 (36) Koneru,H (2557)-Cori Tello,D (2391) Batumi 2018}) 12... Qb6 13. Rb1 Rfd8 14. Nd4 Rd7 $146 ({Vorgänger:} 14... Rac8 15. Nf5 Bxf5 16. Bxf5 Rb8 17. Bxf6 Bxf6 18. Nxd5 {½-½ (30) Li,Z (2249)-Watson,B (2300) Auckland 2012}) 15. Nxe6 Qxe6 16. Ne2 Qb6 17. Nd4 g6 18. Qe2 Nfe4 19. Bxe7 Rxe7 20. Rfd1 Rae8 21. Nb3 $15 (21. a4 $14) 21... Re5 22. Nd4 Nf6 23. Qb5 Qxb5 24. Nxb5 a6 25. Nd4 Nce4 26. h3 R5e7 27. Rbc1 Rc8 28. Bb3 Rxc1 29. Rxc1 Nd2 30. Rc8+ Kg7 31. Bd1 Nc4 32. b3 Nb6 33. Rc2 Ne8 34. Bf3 Rc7 35. Kf1 Kf6 36. Ke2 Rxc2+ 37. Nxc2 Ke5 38. Kd3 Nd6 39. a4 Nd7 40. Kc3 Nc5 41. Kb4 Nd3+ 42. Ka5 Nxf2 43. Nb4 d4 44. exd4+ Kxd4 45. Na2 Kd3 1/2-1/2

[Event "WYCC 2018 O18"]
[Site "Halkidiki"]
[Date "2018.10.20"]
[Round "1"]
[White "Liska, Jiri"]
[Black "Moroni, Luca Jr"]
[Result "0-1"]
[ECO "A06"]
[WhiteElo "2245"]
[BlackElo "2554"]
[Annotator "ChessBase"]
[PlyCount "76"]
[EventDate "2018.10.20"]
[EventType "swiss"]
[EventCountry "GRE"]
[SourceTitle "playchess.com"]
[Source "ChessBase"]
[SourceQuality "1"]
[TimeControl "40/5400+30:1800+30"]

1. Nf3 d5 2. d4 e6 3. c4 a6 4. Nbd2 Nf6 5. g3 b5 6. cxb5 axb5 7. Bg2 Nbd7 8. O-O Bb7 9. Nb3 Ne4 10. Bf4 Be7 11. Qd3 c6 12. Ne5 Nxe5 13. Bxe5 Nf6 14. Nc5 Bxc5 15. dxc5 O-O 16. e4 Re8 17. Rfd1 Nd7 18. Bd6 f6 19. Bh3 Ne5 20. Bxe5 fxe5 21. Qc3 Qf6 22. Rf1 Rf8 23. b4 Bc8 24. a3 Ra7 25. Rae1 d4 26. Qb3 Raf7 27. Bg2 h5 28. f3 Qh6 29. Qd3 h4 30. Rf2 hxg3 31. hxg3 Qg5 32. g4 Bd7 33. Kf1 Be8 34. Ke2 Rf4 35. Ref1 Bg6 36. Ke1 Bxe4 37. fxe4 Rxf2 38. Rxf2 Qc1+ 0-1

[Event "WYCC 2018 O18"]
[Site "Halkidiki"]
[Date "2018.10.20"]
[Round "1"]
[White "Jimenez Ramallo, Francisco J"]
[Black "Ayats Llobera, Gerard"]
[Result "1/2-1/2"]
[ECO "A25"]
[WhiteElo "2073"]
[BlackElo "2399"]
[Annotator "NA"]
[PlyCount "84"]
[EventDate "2018.10.20"]
[EventType "swiss"]
[EventCountry "GRE"]
[SourceTitle "playchess.com"]
[Source "ChessBase"]
[SourceQuality "1"]
[TimeControl "40/5400+30:1800+30"]

1. c4 e5 2. Nc3 d6 3. g3 Nc6 4. Bg2 Be6 5. d3 Qd7 6. Rb1 g6 7. Nd5 {[%emt 0:14:14] A25: English Opening vs King's Indian with ...Nc6 but without early d3} Bg7 8. Nf3 h6 9. O-O Nd8 10. e3 $146 ({Predecessor:} 10. e4 c6 11. Nc3 Ne7 12. b3 Bg4 13. Be3 Ne6 14. h3 Bxf3 15. Qxf3 O-O {½-½ (40) Apicella,M (2520)-Mouhamad,J (2224) Nimes 2014}) 10... c6 11. Nc3 f5 12. Qe2 Nf6 13. d4 e4 14. Nd2 O-O 15. b4 g5 16. f3 exf3 17. Bxf3 d5 18. Nb3 b6 19. c5 Ne4 20. Bd2 Bf7 21. Bxe4 $15 fxe4 22. Qa6 Rb8 23. b5 Bh5 24. bxc6 Nxc6 25. cxb6 Rxb6 26. Rxf8+ Bxf8 27. Qf1 Bf3 28. Na4 Rb8 29. Nbc5 Qc8 30. Rxb8 Nxb8 31. h3 Bd6 32. Be1 Qc7 33. Qf2 h5 34. a3 h4 35. Qa2 Qf7 36. Nc3 hxg3 37. Qxd5 Qxd5 38. Nxd5 Kf7 39. Nc3 Bxc5 40. dxc5 g2 41. Nb5 Nc6 42. Bc3 Ke6 1/2-1/2

[Event "WYCC 2018 O18"]
[Site "Halkidiki"]
[Date "2018.10.20"]
[Round "1"]
[White "Samaridis, Konstantinos"]
[Black "Bronstein, Or"]
[Result "0-1"]
[ECO "A36"]
[WhiteElo "2052"]
[BlackElo "2385"]
[Annotator "NA"]
[PlyCount "98"]
[EventDate "2018.10.20"]
[EventType "swiss"]
[EventCountry "GRE"]
[SourceTitle "playchess.com"]
[Source "ChessBase"]
[SourceQuality "1"]
[TimeControl "40/5400+30:1800+30"]

1. c4 g6 2. g3 Bg7 3. Bg2 c5 4. Nc3 Nc6 5. a3 e6 6. Rb1 Nge7 7. b4 {[%emt 0:01:19] A36: Englische Eröffnung (Botwinnik-Variante)} d6 8. h4 (8. Nf3 O-O 9. O-O b6 10. e3 d5 11. bxc5 bxc5 12. Na4 Qd6 13. d3 Ba6 14. Qc2 Rab8 15. Rxb8 Rxb8 16. cxd5 Nxd5 17. e4 {½-½ (33) Ding,L (2773)-Svidler,P (2755) Moscow 2017}) 8... O-O 9. Nf3 h6 10. Qb3 $146 ({Vorgänger:} 10. O-O Rb8 11. Qc2 b6 12. d3 Bb7 13. e4 Qd7 14. Be3 Nd4 15. Qd2 Kh7 16. Bxd4 cxd4 17. Nb5 Nc6 {½-½ (17) Reschke,S (2358)-Andersson,U (2565) Bad Zwesten 2006}) 10... b6 11. Bb2 Bb7 12. O-O Rb8 13. e3 Qd7 14. Ne2 Ne5 15. Nxe5 dxe5 16. d3 Bxg2 17. Kxg2 Rfd8 18. Rfd1 Qc6+ 19. e4 $11 f5 20. f3 g5 21. b5 Qb7 22. hxg5 hxg5 23. Qc2 Ng6 24. Bc3 Rf8 25. Rh1 Rbd8 26. a4 Qe7 27. Bd2 g4 28. fxg4 f4 29. Ng1 Qg5 30. Kf3 Qf6 31. Kg2 fxg3 32. Be3 Nf4+ 33. Bxf4 Qxf4 34. Qe2 Qf2+ 35. Qxf2 gxf2 36. Nh3 Rxd3 37. Rhf1 Rd4 38. Ng5 Rf6 39. Rxf2 Rg6 40. Rf7 Rxg5 41. Rxa7 Rxg4+ 42. Kh3 Rg6 43. a5 Rd3+ 44. Kh2 Bh6 45. Rf1 Bf4+ 46. Rxf4 exf4 47. axb6 Rd2+ 48. Kh1 f3 49. Ra1 Rh6+ 0-1

[Event "WYCC 2018 O18"]
[Site "Halkidiki"]
[Date "2018.10.20"]
[Round "1"]
[White "Stavropoulos, Konstantinos"]
[Black "Muha, Miljenko"]
[Result "0-1"]
[ECO "D31"]
[WhiteElo "2045"]
[BlackElo "2365"]
[Annotator "NA"]
[PlyCount "74"]
[EventDate "2018.10.20"]
[EventType "swiss"]
[EventCountry "GRE"]
[SourceTitle "playchess.com"]
[Source "ChessBase"]
[SourceQuality "1"]
[TimeControl "40/5400+30:1800+30"]

1. d4 d5 2. c4 e6 3. Nc3 Be7 4. cxd5 exd5 5. Bf4 c6 6. Qc2 Nf6 7. e3 Bd6 8. Bg5 Be6 9. Bd3 h6 10. Bh4 Nbd7 11. Nge2 O-O 12. f3 c5 13. O-O Qe7 14. Nb5 Bb8 15. dxc5 $14 Qxc5 16. Qd2 Qb6 17. Nbd4 Re8 18. Rac1 Bd6 19. a3 Bc5 20. Rc3 a6 21. Rfc1 Bd6 22. Bf2 Qd8 23. Bb1 Nf8 24. Ba2 Bd7 25. Bh4 Ng6 26. Bxf6 Qxf6 27. f4 Ne7 28. Nf3 Rad8 29. Bxd5 Nxd5 30. Qxd5 Bc6 31. Qh5 Bb8 32. Ned4 Ba7 33. Nxc6 bxc6 34. Ne5 Qxf4 35. Rf1 Bxe3+ 36. Rxe3 Qxe3+ 37. Kh1 Qxe5 0-1

[Event "WYCC 2018 O18"]
[Site "Halkidiki"]
[Date "2018.10.20"]
[Round "1"]
[White "Polyakov, Fedor"]
[Black "Agmanov, Zhandos"]
[Result "0-1"]
[ECO "E00"]
[WhiteElo "2036"]
[BlackElo "2354"]
[Annotator "NA"]
[PlyCount "90"]
[EventDate "2018.10.20"]
[EventType "swiss"]
[EventCountry "GRE"]
[SourceTitle "playchess.com"]
[Source "ChessBase"]
[SourceQuality "1"]
[TimeControl "40/5400+30:1800+30"]

1. d4 Nf6 2. c4 e6 3. a3 d5 4. Nc3 c5 5. e3 cxd4 6. exd4 Be7 7. Nf3 O-O 8. Bd3 dxc4 9. Bxc4 a6 {[%emt 0:00:04] D40: Damengambit (Verbesserte Tarrasch-Verteidigung)} 10. d5 $146 ({Vorgänger:} 10. O-O b5 11. Bb3 Bb7 12. Re1 Nbd7 13. Bg5 Nb6 14. Ne5 Nbd5 15. Rc1 Rc8 16. Bxf6 Bxf6 17. Nxd5 Bxd5 18. Rxc8 Qxc8 19. Bxd5 exd5 {0-1 (43) Ehlvest,J (2536)-Izoria,Z (2599) chess.com INT 2018}) 10... b5 11. Ba2 exd5 12. Nxd5 Bb7 13. Nxe7+ Qxe7+ 14. Qe2 Re8 15. Qxe7 Rxe7+ 16. Be3 Nbd7 17. O-O Bxf3 18. gxf3 Ne5 19. Kg2 Ng6 20. Bb1 Nd5 21. Be4 Nxe3+ 22. fxe3 Rae8 23. Kf2 Ne5 24. h3 Nc4 25. a4 g6 $15 26. axb5 axb5 27. Rfd1 Nxb2 28. Rdb1 Nc4 29. Bc6 Rd8 30. e4 Rd2+ 31. Kg3 Ne3 32. Bxb5 Rg2+ 33. Kf4 Nc2 34. Ra6 Kg7 35. e5 Nd4 36. Bf1 Rc2 37. Ke3 Nf5+ 38. Kf4 Rd2 39. Ra4 h6 40. Re4 h5 41. Ba6 Ra7 42. Bc4 Rh2 43. Bf1 Rf2 44. e6 Kf6 45. h4 Rh2 {[%emt 0:00:33] Ke5+ Kxe5} 0-1

[Event "WYCC 2018 O18"]
[Site "Halkidiki"]
[Date "2018.10.20"]
[Round "1"]
[White "Fortanelli Rios, Juan Manuel"]
[Black "Stijve, Theo"]
[Result "0-1"]
[ECO "B31"]
[WhiteElo "2015"]
[BlackElo "2345"]
[Annotator "NA"]
[PlyCount "56"]
[EventDate "2018.10.20"]
[EventType "swiss"]
[EventCountry "GRE"]
[SourceTitle "playchess.com"]
[Source "ChessBase"]
[SourceQuality "1"]
[TimeControl "40/5400+30:1800+30"]

1. e4 c5 2. Nf3 Nc6 3. Bb5 g6 4. Bxc6 dxc6 5. d3 Bg7 6. h3 Nh6 {[%emt 0:00:28] B31: Sicilian: 2...Nc6 3 Bb5 g6} (6... Nf6 7. Nc3 O-O 8. Be3 b6 9. Qd2 e5 10. Bh6 Qd6 11. Bxg7 Kxg7 12. a4 Ne8 13. Nh2 Nc7 14. Ng4 f6 15. f3 Ne6 16. h4 Nd4 17. h5 g5 {½-½ (54) Anand,V (2768)-Carlsen,M (2842) Saint Louis 2018}) 7. Nbd2 e5 8. Nc4 f6 9. Be3 b6 10. a4 Be6 11. Qd2 $146 ({Predecessor:} 11. O-O O-O 12. a5 Bxc4 13. dxc4 Qc7 14. Ra3 Nf7 {½-½ (49) Garcia Martin,M (2166)-Martinez Lopez,C (1996) Barbera del Valles 2015}) 11... Nf7 12. O-O O-O 13. Rad1 Qc7 14. Nh2 f5 15. exf5 gxf5 16. f4 e4 17. g4 Rad8 18. b3 Rfe8 19. Qf2 exd3 20. cxd3 b5 21. axb5 cxb5 $19 22. Ne5 Bxb3 23. Rb1 Nxe5 24. fxe5 Rxd3 25. Nf3 Bxe5 26. Nxe5 Qxe5 27. Bxc5 Rg3+ 28. Kh2 Rxg4+ 0-1

[Event "WYCC 2018 O18"]
[Site "Halkidiki"]
[Date "2018.10.20"]
[Round "1"]
[White "Talmaci, Alexandru"]
[Black "Tran, Minh Thang"]
[Result "0-1"]
[ECO "E19"]
[WhiteElo "2009"]
[BlackElo "2341"]
[Annotator "NA"]
[PlyCount "106"]
[EventDate "2018.10.20"]
[EventType "swiss"]
[EventCountry "GRE"]
[SourceTitle "playchess.com"]
[Source "ChessBase"]
[SourceQuality "1"]
[TimeControl "40/5400+30:1800+30"]

1. d4 Nf6 2. c4 b6 3. Nf3 e6 4. g3 Bb7 5. Bg2 Be7 6. O-O O-O 7. Nc3 Ne4 8. Qc2 Nxc3 9. Qxc3 Be4 10. Ne5 {[%emt 0:15:45] E19: Queen's Indian: Old Main Line with 7...Ne4 8 Qc2 Nxc3 8 Qxc3} (10. Rd1 d6 11. Qe3 d5 12. Ne5 Bxg2 13. Kxg2 c6 14. cxd5 cxd5 15. Bd2 Qd6 16. Rac1 f6 17. Nf3 Nc6 18. Rc2 Rac8 19. Rdc1 Rc7 20. Bb4 {1-0 (20) Radjabov,T (2696)-Indjic,A (2573) Novi Sad 2016}) 10... Bxg2 11. Kxg2 Bf6 12. Ng4 Be7 13. Ne5 Na6 14. Rd1 $146 ({Predecessor:} 14. e4 c5 15. d5 exd5 16. cxd5 Bf6 17. Qc4 b5 18. Qxb5 Nc7 19. Qxc5 d6 20. Nxf7 Rxf7 {0-1 (25) Lindh,B-Nordstrom,E Sweden 1975}) 14... f6 15. Nd3 f5 16. b4 Bf6 17. Bb2 c6 18. f3 Qe8 19. Qb3 Nc7 20. a4 a6 21. Re1 Qf7 22. e4 b5 23. e5 bxc4 24. Qxc4 Be7 25. Bc1 Nd5 26. Bd2 g5 27. Nf2 h5 28. Rab1 g4 29. f4 h4 30. Nd3 Kg7 31. Nc5 Rh8 32. Rh1 Bxc5 33. bxc5 Rab8 34. Rxb8 Rxb8 35. Qxa6 Rb2 36. Qd3 Qe8 37. a5 Qb8 38. Rd1 Qb4 39. Kg1 Qa4 40. Be1 h3 41. Rd2 Rb3 42. Qc2 Qb5 43. Re2 Ne3 $19 44. Qa2 Ng2 45. a6 Ra3 46. Qd2 Qxa6 47. Kf2 Rd3 48. Qb2 Rf3+ 49. Kg1 Qd3 50. Qd2 Qb1 51. Qa5 Ne3 52. Rf2 Qd3 53. Qd8 Qf1+ 0-1

[Event "WYCC 2018 O18"]
[Site "Halkidiki"]
[Date "2018.10.20"]
[Round "1"]
[White "Pobor, Danilo"]
[Black "Varacalli, Francisco"]
[Result "0-1"]
[ECO "E91"]
[WhiteElo "1934"]
[BlackElo "2334"]
[Annotator "NA"]
[PlyCount "100"]
[EventDate "2018.10.20"]
[EventType "swiss"]
[EventCountry "GRE"]
[SourceTitle "playchess.com"]
[Source "ChessBase"]
[SourceQuality "1"]
[TimeControl "40/5400+30:1800+30"]

1. d4 Nf6 2. Nf3 g6 3. c4 Bg7 4. Nc3 d6 5. e4 O-O 6. Be2 Na6 7. Be3 e5 8. d5 Ng4 9. Bg5 f6 10. Bh4 h5 {[%emt 0:02:53] E92: King's Indian: Classical: 6 Be2 e5: 7 dxe5, 7 Be3 and Petrosian System without 7...Nbd7} 11. Nd2 (11. h3 Nh6 12. Nd2 Nf7 13. f3 Bh6 14. Bf2 c6 15. a3 Bd7 16. Nb3 c5 17. Nc1 Kh8 18. Nd3 {1-0 (70) Fedoseev,V (2707)-Firouzja,A (2561) Abu Dhabi 2018}) 11... Nh6 {[%emt 0:01:55] LiveBook: 6 Games} 12. f3 c5 13. a3 Nf7 14. Bf2 $146 ({Predecessor:} 14. Rb1 Bh6 15. Bf2 f5 16. b4 b6 17. h4 f4 18. Bd3 Rb8 {½-½ (18) Tisdall,J (2422)-Relange,E (2468) Plovdiv 2010}) 14... Bh6 15. b4 Bxd2+ 16. Qxd2 b6 17. bxc5 Nxc5 18. Bxc5 dxc5 ({Black should try} 18... bxc5 $11 19. O-O Bd7) 19. a4 a5 20. O-O Kg7 21. Nb5 $14 Ba6 22. Rfb1 Bxb5 23. Rxb5 Nd6 24. Rb3 Rb8 25. Qb2 Rf7 26. Rb1 Rfb7 27. Bd3 Ne8 28. f4 Qd6 29. fxe5 fxe5 30. Rf1 Nf6 31. Bb1 Rf7 32. Rbf3 Rbf8 33. Qf2 Qe7 34. Qb2 Ng4 35. Qxb6 Rxf3 36. Rxf3 Qg5 37. Qb7+ Kh6 38. Qb2 Rxf3 39. gxf3 Ne3+ 40. Kh1 Nxc4 41. Qg2 Qc1+ 42. Qg1 Qd2 43. Qg2 Qd1+ 44. Qg1 Qxf3+ 45. Qg2 Qd1+ 46. Qg1 Qxg1+ 47. Kxg1 Kg5 48. Kf2 Kf4 49. Bc2 g5 50. Kg2 Ne3+ 0-1